Workbook

Sheet PORTADA
G2: RELACIÓN DE MODELOS A CUMPLIMENTAR:
B3: Nota 1: Las celdas sombreadas como esta son calculadas. No deberían cambiarse las fórmulas allí presentes.
G4: Conceptos de ingresos y gastos electorales: | I4: Modelo 1
G6: Detalle de los ingresos electorales: | I6: Modelo 2
B7: Nota 2: Los importes deben figurar con dos decimales. No altere el formato de las celdas que contienen importes.
G8: Detalle de los gastos electorales: | I8: Modelo 3
B10: Nota 3: Para evitar borrados accidentales, se han protegido algunas celdas y la hoja. Si no desbloquea la hoja puede moverse al principio o al final con las barras de desplazamiento. No obstante no lleva contraseña alguna y puede desbloquearse si se desea.
G11: En el Modelo 1 se introducen los datos automáticamente al rellenar el Modelo 2 y el Modelo 3
F14: DOCUMENTACIÓN JUSTIFICATIVA A REMITIR JUNTO CON LOS MODELOS CUMPLIMENTADOS:
F16: - | G16: Copia de los extractos de la/s cuenta/s abierta/s para las elecciones en Entidad de crédito (artículo 124 de la Ley Orgánica 5/1985 del Régimen Electoral General)
B17: Nota 4: En caso de necesitar más líneas, seleccione una línea de datos y pulsando el botón derecho del ratón seleccione la opción "Insertar".
F19: - | G19: Documentación justificativa del origen de todos los ingresos recibidos (Apartado 3.2 de la Instrucción)
F21: - | G21: Documentación justificativa de todas las operaciones de gasto que individualmente superen el importe de 1.000 euros (Apartado 3.3 de la Instrucción) y, en el caso de que tenga derecho a la percepción de la subvención por envíos electorales, la documentación justificativa de los gastos por envíos electorales (Apartado 3.4 de la Instrucción)

Sheet MODELO 1
B2: RESUMEN POR CONCEPTOS DEL TOTAL DE LOS INGRESOS Y GASTOS ELECTORALES
B3: INGRESOS / RECURSOS | D3: GASTOS
B4: CONCEPTO | C4: SALDO ACUMULADO | D4: CONCEPTO | E4: SALDO ACUMULADO
B5: 1. Aportaciones privadas | C5: =SUMIF('MODELO 2'!$C$5:$C$27,'MODELO 1'!B5,'MODELO 2'!$E$5:$E$27)+SUMIF('MODELO 2'!$C$5:$C$27,'MODELO 1'!B5,'MODELO 2'!$F$5:$F$27) -> 0 | D5: 1. Confección sobres y papeletas | E5: =SUMIF('MODELO 3'!$C$5:$C$27,'MODELO 1'!D5,'MODELO 3'!$E$5:$E$27)+SUMIF('MODELO 3'!$C$5:$C$27,'MODELO 1'!D5,'MODELO 3'!$F$5:$F$27)+SUMIF('MODELO 3'!$C$5:$C$27,'MODELO 1'!D5,'MODELO 3'!$G$5:$G$27) -> 711.27
B6: 2. Aportaciones del Partido | C6: =SUMIF('MODELO 2'!$C$5:$C$27,'MODELO 1'!B6,'MODELO 2'!$E$5:$E$27)+SUMIF('MODELO 2'!$C$5:$C$27,'MODELO 1'!B6,'MODELO 2'!$F$5:$F$27) -> 917.82 | D6: 2. Publicidad exterior (art. 55 LOREG) | E6: =SUMIF('MODELO 3'!$C$5:$C$27,'MODELO 1'!D6,'MODELO 3'!$E$5:$E$27)+SUMIF('MODELO 3'!$C$5:$C$27,'MODELO 1'!D6,'MODELO 3'!$F$5:$F$27)+SUMIF('MODELO 3'!$C$5:$C$27,'MODELO 1'!D6,'MODELO 3'!$G$5:$G$27) -> 52.97
B7: 3. Adelantos de subvenciones electorales | C7: =SUMIF('MODELO 2'!$C$5:$C$27,'MODELO 1'!B7,'MODELO 2'!$E$5:$E$27)+SUMIF('MODELO 2'!$C$5:$C$27,'MODELO 1'!B7,'MODELO 2'!$F$5:$F$27) -> 0 | D7: 3. Publicidad prensa y radio (art.58 LOREG) | E7: =SUMIF('MODELO 3'!$C$5:$C$27,'MODELO 1'!D7,'MODELO 3'!$E$5:$E$27)+SUMIF('MODELO 3'!$C$5:$C$27,'MODELO 1'!D7,'MODELO 3'!$F$5:$F$27)+SUMIF('MODELO 3'!$C$5:$C$27,'MODELO 1'!D7,'MODELO 3'!$G$5:$G$27) -> 0
B8: 4. Operaciones de endeudamiento (*) | C8: =SUMIF('MODELO 2'!$C$5:$C$27,'MODELO 1'!B8,'MODELO 2'!$E$5:$E$27)+SUMIF('MODELO 2'!$C$5:$C$27,'MODELO 1'!B8,'MODELO 2'!$F$5:$F$27) -> 0 | D8: 4. Otra propaganda y publicidad | E8: =SUMIF('MODELO 3'!$C$5:$C$27,'MODELO 1'!D8,'MODELO 3'!$E$5:$E$27)+SUMIF('MODELO 3'!$C$5:$C$27,'MODELO 1'!D8,'MODELO 3'!$F$5:$F$27)+SUMIF('MODELO 3'!$C$5:$C$27,'MODELO 1'!D8,'MODELO 3'!$G$5:$G$27) -> 0
B9: 5. Otros Ingresos | C9: =SUMIF('MODELO 2'!$C$5:$C$27,'MODELO 1'!B9,'MODELO 2'!$E$5:$E$27)+SUMIF('MODELO 2'!$C$5:$C$27,'MODELO 1'!B9,'MODELO 2'!$F$5:$F$27) -> 0 | D9: 5. Alquileres | E9: =SUMIF('MODELO 3'!$C$5:$C$27,'MODELO 1'!D9,'MODELO 3'!$E$5:$E$27)+SUMIF('MODELO 3'!$C$5:$C$27,'MODELO 1'!D9,'MODELO 3'!$F$5:$F$27)+SUMIF('MODELO 3'!$C$5:$C$27,'MODELO 1'!D9,'MODELO 3'!$G$5:$G$27) -> 0
D10: 6. Remuneraciones | E10: =SUMIF('MODELO 3'!$C$5:$C$27,'MODELO 1'!D10,'MODELO 3'!$E$5:$E$27)+SUMIF('MODELO 3'!$C$5:$C$27,'MODELO 1'!D10,'MODELO 3'!$F$5:$F$27)+SUMIF('MODELO 3'!$C$5:$C$27,'MODELO 1'!D10,'MODELO 3'!$G$5:$G$27) -> 0
D11: 7. Transportes y dietas | E11: =SUMIF('MODELO 3'!$C$5:$C$27,'MODELO 1'!D11,'MODELO 3'!$E$5:$E$27)+SUMIF('MODELO 3'!$C$5:$C$27,'MODELO 1'!D11,'MODELO 3'!$F$5:$F$27)+SUMIF('MODELO 3'!$C$5:$C$27,'MODELO 1'!D11,'MODELO 3'!$G$5:$G$27) -> 153.58
D12: 8. Correspondencia y franqueo | E12: =SUMIF('MODELO 3'!$C$5:$C$27,'MODELO 1'!D12,'MODELO 3'!$E$5:$E$27)+SUMIF('MODELO 3'!$C$5:$C$27,'MODELO 1'!D12,'MODELO 3'!$F$5:$F$27)+SUMIF('MODELO 3'!$C$5:$C$27,'MODELO 1'!D12,'MODELO 3'!$G$5:$G$27) -> 0
D13: 9. Gastos financieros | E13: =SUMIF('MODELO 3'!$C$5:$C$27,'MODELO 1'!D13,'MODELO 3'!$E$5:$E$27)+SUMIF('MODELO 3'!$C$5:$C$27,'MODELO 1'!D13,'MODELO 3'!$F$5:$F$27)+SUMIF('MODELO 3'!$C$5:$C$27,'MODELO 1'!D13,'MODELO 3'!$G$5:$G$27) -> 0
D14: 10. Otros gastos electorales | E14: =SUMIF('MODELO 3'!$C$5:$C$27,'MODELO 1'!D14,'MODELO 3'!$E$5:$E$27)+SUMIF('MODELO 3'!$C$5:$C$27,'MODELO 1'!D14,'MODELO 3'!$F$5:$F$27)+SUMIF('MODELO 3'!$C$5:$C$27,'MODELO 1'!D14,'MODELO 3'!$G$5:$G$27) -> 0
B18: TOTAL | C18: =SUM(C5:C17) -> 917.82 | D18: TOTAL | E18: =SUM(E5:E17) -> 917.82
B20: Las cantidades se introducen automaticamente al rellenar el MODELO 2 y el MODELO 3
B21: *En las operaciones de endeudamiento se deben incluir tanto las contraídas con entidades de crédito como con particulares

Sheet MODELO 2
K1: 1. Aportaciones de personas físicas
B2: DESGLOSE DE LOS CONCEPTOS DE INGRESOS ELECTORALES | K2: 2. Aportaciones de personas jurídicas
B3: INGRESOS / RECURSOS | K3: 3. Anticipos de Subvenciones Electorales
B4: Fecha Operación | C4: Ref. según hoja MODELO 1 | D4: DESCRIPCIÓN | E4: Importe ingresado en efectivo | F4: Importe ingresado en cuenta bancaria | K4: 4. Créditos Entidades Financieras
B5: 45048 | C5: 2. Aportaciones del Partido | D5: TRASPASO DE CUENTA DE DONACIONES | F5: 917.82 | K5: 5. Otros Ingresos
D27: TOTAL INGRESOS | E27: =SUM(E5:E26) -> 0 | F27: =SUM(F5:F26) -> 917.82
B29: *En las operaciones de endeudamiento se deben incluir tanto las contraídas con entidades de crédito como con particulares

Sheet MODELO 3
I1: 1. Confección sobres y papeletas
B2: DESGLOSE DE LOS CONCEPTOS DE GASTOS ELECTORALES | I2: 2. Propaganda y publicidad
B3: GASTOS | I3: 3. Alquileres
B4: Fecha Operación | C4: Ref. según hoja MODELO 1 | D4: DESCRIPCIÓN | E4: Importe pagado en efectivo | F4: Importe pagado por cuenta bancaria | G4: Pendiente de pago | I4: 4. Remuneraciones
B5: 45058 | C5: 1. Confección sobres y papeletas | D5: SOBRES AYUNTAMIENTOS (SABATER SL) | F5: 263.23 | I5: 5. Transporte y dieta
B6: 45072 | C6: 1. Confección sobres y papeletas | D6: PAPELETAS AYUNTAMIENTOS (IMPRENTA JUNONIA SL) | F6: 448.04 | I6: 6. Correspondencia y franqueo
B7: 45072 | C7: 2. Publicidad exterior (art. 55 LOREG) | D7: CARTELES A3 ELECCIONES AYUNTAMIENTOS (IMPRENTA JUNONIA SL) | F7: 52.97 | I7: 7. Gastos financieros
B8: 45074 | C8: 7. Transportes y dietas | D8: DIETAS APODERADOS E INTERVENTORES (CATERING GOMERA EXPRESS SL) | F8: 153.58 | I8: 8. Otros Gastos Electorales
D28: TOTAL GASTOS | E28: =SUM(E5:E27) -> 0 | F28: =SUM(F5:F27) -> 917.82 | G28: =SUM(G5:G27) -> 0
